 Dungeon Crawl Stone Soup version 0.30-a0-359-gd0147acb1a (webtiles) character file.

Game seed: 7428261466685508132

65 AeshMezareph the Cudgeller (level 4, 0/33 (38) HPs)
             Began as a Gnoll Reaver on Nov 12, 2022.
             Slain by a gnoll
             ... wielding a +0 flail
              (6 damage)
             ... on level 2 of the Dungeon.
             The game lasted 00:05:45 (1616 turns).

AeshMezareph the Cudgeller (Gnoll Reaver)           Turns: 1616, Time: 00:05:46

HP:   0/33 (38)     AC:  4    Str: 13    XL:     4   Next: 14%
MP:   6/11          EV: 12    Int: 12    God:
Gold: 111           SH:  0    Dex: 11    Spells: 10/13 levels left

rFire   . . .      SeeInvis .    a - +0 mace
rCold   . . .      Faith    .    (no shield)
rNeg    . . .      Spirit   .    b - +0 leather armour
rPois   .          Reflect  .    (no helmet)
rElec   .          Harm     .    (no cloak)
rCorr   .          Rampage  .    (no gloves)
Will    .....                    h - +0 pair of boots
Stlth   +.........               (no amulet)
HPRegen 0.25/turn                (no ring)
MPRegen 0.12/turn                (no ring)

@: immotile, heavily drained
A: fangs 1, strong nose, distributed training
a: no special abilities


You were on level 2 of the Dungeon.
You visited 1 branch of the dungeon, and saw 2 of its levels.

You collected 111 gold pieces.

Inventory:

Hand Weapons
 a - a +0 mace (weapon)
 m - a +0 sling
Armour
 b - a +0 leather armour (worn)
 h - a +0 pair of boots (worn)
Jewellery
 q - a ring of fire
Scrolls
 c - 3 scrolls of immolation {unknown}
 e - a scroll of enchant armour {unknown}
 f - a scroll of vulnerability {unknown}
 k - a scroll of noise {unknown}
 n - a scroll of amnesia {unknown}
Potions
 d - a potion of curing {unknown}
 g - a potion of haste {unknown}
 i - 2 potions of brilliance {unknown}
 j - a potion of degeneration {unknown}
 l - a potion of lignification
 o - a potion of might {unknown}
 p - a potion of heal wounds {unknown}


   Skills:
 + Level 4.6 Fighting
 + Level 1.1 Short Blades
 + Level 1.1 Long Blades
 + Level 1.1 Axes
 + Level 6.6 Maces & Flails
 + Level 1.1 Polearms
 + Level 1.1 Staves
 + Level 1.1 Ranged Weapons
 + Level 1.1 Throwing
 + Level 1.1 Armour
 + Level 4.6 Dodging
 + Level 1.1 Stealth
 + Level 1.1 Shields
 + Level 1.1 Unarmed Combat
 + Level 5.0 Spellcasting
 + Level 5.4 Conjurations
 + Level 0.8 Hexes
 + Level 0.8 Summonings
 + Level 0.8 Necromancy
 + Level 0.8 Translocations
 + Level 0.8 Transmutations
 + Level 0.8 Fire Magic
 + Level 0.8 Ice Magic
 + Level 0.8 Air Magic
 + Level 0.8 Earth Magic
 + Level 0.8 Poison Magic
 + Level 1.2 Invocations
 + Level 1.1 Evocations


You had 10 spell levels left.
You knew the following spells:

 Your Spells              Type           Power      Damage    Failure   Level
a - Kiss of Death         Conj/Necr      40%        2d8       7%          1
b - Momentum Strike       Conj/Tloc      20%        3d8       11%         2

Your spell library contained the following spells:

 Spells                   Type           Power      Damage    Failure   Level
 Hailstorm                Conj/Ice       10%        3d5       21%         3


Dungeon Overview and Level Annotations

Branches:
Dungeon (2/15)

Altars:

Shops:
D:1 *


Innate Abilities, Weirdness & Mutations

You have very sharp teeth.
Your uncanny sense of smell can sniff out nearby items.
Your experience applies equally to all skills.


Message History

You hit the worm.
The worm is severely wounded.
The worm misses you.
You hit the worm.
The worm is severely wounded.
You hit the worm.
You kill the worm!
Casting: Momentum Strike (safe; 11% risk of failure)
Confirm with . or Enter, or press ? or * to list all spells.
You cannot redirect your momentum while unable to move.
You completely miss the gnoll.
You are no longer robbed of momentum.
The gnoll hits you but does no damage.
Casting: Momentum Strike (safe; 11% risk of failure)
Confirm with . or Enter, or press ? or * to list all spells.
Aiming: Momentum Strike (safe; 11% risk of failure)
Press: ? - help, Dir - move target, f - gnoll
Aim: a gnoll, wielding a +0 flail and quivering stones (72% to hit)
The concentrated momentum misses the gnoll.
The gnoll hits you with a +0 flail!
Casting: Momentum Strike (safe; 11% risk of failure)
Confirm with . or Enter, or press ? or * to list all spells.
Aiming: Momentum Strike (safe; 11% risk of failure)
Press: ? - help, Dir - move target, f/p - gnoll
Aim: a gnoll, wielding a +0 flail and quivering stones (72% to hit)
The concentrated momentum hits the gnoll!
You are unable to move.
The gnoll hits you with a +0 flail!
* * * LOW HITPOINT WARNING * * *
Unknown command.
You hit the gnoll but do no damage. You bite the gnoll.
The gnoll is severely wounded.
The gnoll hits you but does no damage.
You barely miss the gnoll. Your punch misses the gnoll.
The gnoll is severely wounded.
The gnoll hits you with a +0 flail.
* * * LOW HITPOINT WARNING * * *
You closely miss the gnoll.
The gnoll is severely wounded.
The gnoll hits you with a +0 flail.
You die...

######################### ######
...†..##......#....#...... .....
#..##..##.....#.#..#...#..##.w. '
##..##..##..#.#.#... #.#.....##.#
.##..##..##.#...#)#..#...##...g.#
......##....#.....#.......g......
##############....#######.#######
###@## #.# ########
#####g########.# .......#
#...#...g......#
.......#####...#...w...####
...............>.......#
.......................####
......#.........####......#
......#.....###.# #......#
......#.....###.####......#


You could see a gnoll.

Vanquished Creatures
  2 adders (D:2)
  A worm (D:2)
  2 endoplasms
  A giant cockroach (D:2)
  8 goblins
  A hobgoblin (D:2)
  3 jackals (D:1)
  3 quokkas
  4 ball pythons
  6 bats
  3 frilled lizards (D:1)
  6 kobolds
  6 rats
46 creatures vanquished.

Notes
Turn   | Place    | Note
-------+----------+-------------------------------------------
     0 | D:1      | AeshMezareph the Gnoll Reaver began the quest for the Orb.
     0 | D:1      | Reached XP level 1. HP: 20/20 MP: 6/6
    66 | D:1      | Found Jiottoqo's Assorted Antiques.
   171 | D:1      | Reached XP level 2. HP: 25/26 MP: 7/7
   195 | D:1      | Found a faded altar of an unknown god.
   679 | D:2      | Reached skill level 5 in Spellcasting
   679 | D:2      | Reached XP level 3. HP: 26/31 MP: 7/9
   777 | D:2      | Reached skill level 1 in Invocations
   780 | D:2      | HP: 2/46 [poisoned by an adder]
  1154 | D:2      | Reached skill level 1 in Short Blades
  1154 | D:2      | Reached skill level 1 in Long Blades
  1154 | D:2      | Reached skill level 1 in Axes
  1154 | D:2      | Reached skill level 1 in Polearms
  1154 | D:2      | Reached skill level 1 in Staves
  1154 | D:2      | Reached skill level 1 in Ranged Weapons
  1154 | D:2      | Reached skill level 1 in Throwing
  1154 | D:2      | Reached skill level 1 in Armour
  1154 | D:2      | Reached skill level 1 in Stealth
  1154 | D:2      | Reached skill level 1 in Shields
  1154 | D:2      | Reached skill level 1 in Unarmed Combat
  1154 | D:2      | Reached skill level 1 in Evocations
  1290 | D:2      | Learned a level 2 spell: Momentum Strike
  1299 | D:2      | Reached XP level 4. HP: 32/33 MP: 9/11
  1616 | D:2      | Slain by a gnoll

Illustrated notes

Levels and vault maps discovered:
D:1:      tarquinn_simple_flora_water_d, layout_rooms, serial_shops,
          nicolae_square_shop, dreamdust_ecumenical_altar_angels_and_demons
D:2:      minmay_thinvault, layout_basic, minmay_misc_feat_cross

Skill      XL: |  1  2  3 |
---------------+----------+-----
Spellcasting   | 5 |  5.0
Invocations    | 1 |  1.2
Short Blades   | 1 |  1.1
Long Blades    | 1 |  1.1
Axes           | 1 |  1.1
Polearms       | 1 |  1.1
Staves         | 1 |  1.1
Ranged Weapons | 1 |  1.1
Throwing       | 1 |  1.1
Armour         | 1 |  1.1
Stealth        | 1 |  1.1
Shields        | 1 |  1.1
Unarmed Combat | 1 |  1.1
Evocations     | 1 |  1.1
Fighting       | |  4.6
Maces & Flails | |  6.6
Dodging        | |  4.6
Conjurations   | |  5.4
Hexes          | |  0.8
Summonings     | |  0.8
Necromancy     | |  0.8
Translocations | |  0.8
Transmutations | |  0.8
Fire Magic     | |  0.8
Ice Magic      | |  0.8
Air Magic      | |  0.8
Earth Magic    | |  0.8
Poison Magic   | |  0.8

Action                   |  1- 3 |  4- 6 || total
-------------------------+-------+-------++-------
Melee: Mace              |   118 |    21 ||   139
       Bite              |    16 |     2 ||    18
       Punch             |     1 |       ||     1
 Cast: Kiss of Death     |     1 |       ||     1
       Momentum Strike   |       |     4 ||     4
  Use: Potion            |     1 |       ||     1
 Stab: Sleeping          |     1 |       ||     1
Armor: Leather armour    |    32 |     6 ||    38
Dodge: Dodged            |    83 |     8 ||    91

Table legend: (Time is in decaauts)
 A = Elapsed time spent in this place.
 B = Non-inter-level travel time spent in this place.
 C = Inter-level travel time spent in this place.
 D = Time resting spent in this place.
 E = Time spent auto-exploring this place.
 F = Levels seen in this place.
 G = Mean time per level.
                   A        B        C        D        E       F      G
               +--------+--------+--------+--------+--------+-----+--------+
         Total |   1626 |   1583 |     43 |    125 |   1114 |   2 |  813.0 |
       Dungeon |   1626 |   1583 |     43 |    125 |   1114 |   2 |  813.0 |
               +--------+--------+--------+--------+--------+-----+--------+

Top non-repeatable levels by time:
     D:2: 956 daAuts
     D:1: 670 daAuts
